PIO (24 & UNDER)
CHULA VISTA TACOS @ SEATTLE RAINIERS
09/30/2026
 
TOP OF THE 1ST
Chula Vista Tacos batting - Pitching for Seattle Rainiers : RHP Jeff Alexander
Pitching: RHP Jeff Alexander
Batting: LHB Joe Baker 0-0: Foul Ball, location: 2F
0-1: Called Strike
0-2: Strikes out swinging
Batting: LHB Jaime Icaza 0-0: Ball
1-0: Foul Ball, location: 2F
1-1: Ball
2-1: Ball
3-1: Called Strike
3-2: Strikes out swinging
Batting: RHB Johnny Williams 0-0: Ball
1-0: Called Strike
1-1: Ball
2-1: Called Strike
2-2: Fly out, F6 (Popup, 6M)
Top of the 1st over - 0 run(s), 0 hit(s), 0 error(s), 0 left on base; Chula Vista 0 - Seattle 0
BOTTOM OF THE 1ST
Seattle Rainiers batting - Pitching for Chula Vista Tacos : RHP Manuel González
Pitching: RHP Manuel González
Batting: RHB Howard Russell 0-0: Swinging Strike
0-1: Foul Ball, location: 2F
0-2: Ground out 6-3 (Groundball, 6)
Batting: RHB Tony Hernández 0-0: Ball
1-0: Foul Ball, location: 2F
1-1: Foul Ball, location: 2F
1-2: Ball
2-2: SINGLE (Groundball, 4MD)
Batting: LHB Alan Moore 0-0: Ball
1-0: Fly out, F9 (Flyball, 89XD)
Batting: RHB Enrique Mendoza 0-0: Ball
Tony Hernández is caught stealing 2nd base
Bottom of the 1st over - 0 run(s), 1 hit(s), 0 error(s), 0 left on base; Chula Vista 0 - Seattle 0
TOP OF THE 2ND
Chula Vista Tacos batting - Pitching for Seattle Rainiers : RHP Jeff Alexander
Batting: LHB Steven Smith 0-0: Ball
1-0: Swinging Strike
1-1: Foul Ball, location: 2F
1-2: Foul Ball, location: 2F
1-2: Foul Ball, location: 2F
1-2: Foul Ball, location: 2F
1-2: Foul Ball, location: 2F
1-2: Foul Ball, location: 2F
1-2: Ball
2-2: Ball
3-2: Strikes out swinging
Batting: SHB Walt Rodgers 0-0: Foul Ball, location: 2F
0-1: Ball
1-1: Ball
2-1: Swinging Strike
2-2: Ball
3-2: Strikes out looking
Batting: RHB Nate Atkinson 0-0: Swinging Strike
0-1: Foul Ball, location: 2F
0-2: Ball
1-2: Strikes out swinging
Top of the 2nd over - 0 run(s), 0 hit(s), 0 error(s), 0 left on base; Chula Vista 0 - Seattle 0
BOTTOM OF THE 2ND
Seattle Rainiers batting - Pitching for Chula Vista Tacos : RHP Manuel González
Batting: RHB Enrique Mendoza 0-0: Called Strike
0-1: Fly out, F6 (Popup, 6M)
Batting: RHB Robert Marks 0-0: Ball
1-0: Called Strike
1-1: Ball
2-1: Fly out, F4 (Popup, 4MD)
Batting: LHB Tom Craft 0-0: Fly out, F7 (Flyball, 78M)
Bottom of the 2nd over - 0 run(s), 0 hit(s), 0 error(s), 0 left on base; Chula Vista 0 - Seattle 0
TOP OF THE 3RD
Chula Vista Tacos batting - Pitching for Seattle Rainiers : RHP Jeff Alexander
Batting: RHB Ray Rogers 0-0: Ball
1-0: Foul Ball, location: 2F
1-1: DOUBLE (Line Drive, 7LS)
Batting: LHB Michael Myers 0-0: Foul Ball, location: 2F
0-1: Swinging Strike
0-2: Strikes out swinging
Batting: RHB Manny Torrez 0-0: Called Strike
0-1: Ball
1-1: Ball
2-1: Swinging Strike
2-2: SINGLE (Groundball, 34D)
Ray Rogers to third
Runner from 3rd tries for Home, SAFE, throw made home
Manny Torrez to second
Batting: LHB Joe Baker 0-0: Fly out, F2 (Popup, 15S)
Batting: LHB Jaime Icaza 0-0: Called Strike
0-1: Swinging Strike
0-2: Ball
1-2: Ball
2-2: Ball
3-2: Foul Ball, location: 2F
3-2: SINGLE (Groundball, 34)
Manny Torrez to third
Manny Torrez scores
Batting: RHB Johnny Williams 0-0: Ball
Wild Pitch!
Jaime Icaza to second
1-0: Called Strike
1-1: SINGLE (Flyball, 8LS)
Jaime Icaza to third
Runner from 3rd tries for Home, SAFE, no throw or cutoff
Batting: LHB Steven Smith 0-0: Foul Ball, location: 2F
0-1: Ball
1-1: Called Strike
Johnny Williams is caught stealing 2nd base
Top of the 3rd over - 3 run(s), 4 hit(s), 0 error(s), 0 left on base; Chula Vista 3 - Seattle 0
BOTTOM OF THE 3RD
Seattle Rainiers batting - Pitching for Chula Vista Tacos : RHP Manuel González
Batting: RHB Jorge Colón 0-0: Foul Ball, location: 2F
0-1: Called Strike
0-2: Foul Ball, location: 2F
0-2: Strikes out swinging
Batting: RHB Albert Cordero 0-0: Called Strike
0-1: Ball
1-1: Ball
2-1: Foul Ball, location: 2F
2-2: Ground out 6-3 (Groundball, 56)
Batting: RHB John Hill 0-0: Ball
1-0: Called Strike
1-1: Swinging Strike
1-2: Ground out 6-3 (Groundball, 6)
Bottom of the 3rd over - 0 run(s), 0 hit(s), 0 error(s), 0 left on base; Chula Vista 3 - Seattle 0
TOP OF THE 4TH
Chula Vista Tacos batting - Pitching for Seattle Rainiers : RHP Jeff Alexander
Batting: LHB Steven Smith 0-0: Ball
1-0: Ball
2-0: Called Strike
2-1: Ball
3-1: Swinging Strike
3-2: DOUBLE (Line Drive, 78D)
Batting: SHB Walt Rodgers 0-0: Ball
1-0: Foul Ball, location: 2F
1-1: Fly out, F1 (Line Drive, 13)
Batting: RHB Nate Atkinson 0-0: Swinging Strike
0-1: Foul Ball, location: 2F
0-2: Strikes out swinging
Batting: RHB Ray Rogers 0-0: Ball
1-0: Ball
2-0: Called Strike
2-1: Foul Ball, location: 2F
2-2: DOUBLE (Flyball, 8RM)
Steven Smith scores
Batting: LHB Michael Myers 0-0: Ball
1-0: Fly out, F6 (Popup, 6D)
Top of the 4th over - 1 run(s), 2 hit(s), 0 error(s), 1 left on base; Chula Vista 4 - Seattle 0
BOTTOM OF THE 4TH
Seattle Rainiers batting - Pitching for Chula Vista Tacos : RHP Manuel González
Batting: RHB Howard Russell 0-0: Ball
1-0: Ground out 6-3 (Groundball, 6)
Batting: RHB Tony Hernández 0-0: Ground out 5-3 (Groundball, 5)
Batting: LHB Alan Moore 0-0: Ball
1-0: Ball
2-0: Ground out 1-3 (Groundball, 23)
Bottom of the 4th over - 0 run(s), 0 hit(s), 0 error(s), 0 left on base; Chula Vista 4 - Seattle 0
TOP OF THE 5TH
Chula Vista Tacos batting - Pitching for Seattle Rainiers : RHP Jeff Alexander
Batting: RHB Manny Torrez 0-0: Called Strike
0-1: Ball
1-1: Ground out 4-3 (Groundball, 34)
Batting: LHB Joe Baker 0-0: Foul Ball, location: 2F
0-1: Ball
1-1: Ball
2-1: Foul Ball, location: 2F
2-2: Strikes out swinging
Batting: LHB Jaime Icaza 0-0: Ball
1-0: Called Strike
1-1: Foul Ball, location: 2F
1-2: Ball
2-2: Strikes out swinging
Top of the 5th over - 0 run(s), 0 hit(s), 0 error(s), 0 left on base; Chula Vista 4 - Seattle 0
BOTTOM OF THE 5TH
Seattle Rainiers batting - Pitching for Chula Vista Tacos : RHP Manuel González
Batting: RHB Enrique Mendoza 0-0: Called Strike
0-1: Swinging Strike
0-2: Fly out, F9 (Flyball, 89D)
Batting: RHB Robert Marks 0-0: Called Strike
0-1: Ball
1-1: Foul Ball, location: 2F
1-2: Ball
2-2: Ball
3-2: Foul Ball, location: 2F
3-2: Ground out 6-3 (Groundball, 6)
Batting: LHB Tom Craft 0-0: Ball
1-0: Ball
2-0: Foul Ball, location: 2F
2-1: Foul Ball, location: 2F
2-2: Strikes out looking
Bottom of the 5th over - 0 run(s), 0 hit(s), 0 error(s), 0 left on base; Chula Vista 4 - Seattle 0
TOP OF THE 6TH
Chula Vista Tacos batting - Pitching for Seattle Rainiers : RHP Jeff Alexander
Pitching: RHP Dani Vásquez
Batting: RHB Johnny Williams 0-0: Called Strike
0-1: Ball
1-1: Swinging Strike
1-2: Foul Ball, location: 2F
1-2: Ball
2-2: Strikes out swinging
Batting: LHB Steven Smith 0-0: Ball
1-0: Ball
2-0: Foul Ball, location: 2F
2-1: Called Strike
2-2: Foul Ball, location: 2F
2-2: Ball
3-2: Base on Balls
Batting: SHB Walt Rodgers 0-0: Ball
1-0: Ball
2-0: Called Strike
2-1: Reached on error, E4 (Groundball, 4)
Steven Smith to second
Batting: RHB Nate Atkinson 0-0: Ground out 5-3 (Groundball, 5S)
Steven Smith to third
Walt Rodgers to second
Batting: RHB Ray Rogers 0-0: Called Strike
0-1: Ball
Single, Error in OF, E8, batter to second base
Steven Smith scores
Walt Rodgers scores
Batting: LHB Michael Myers 0-0: Ball
1-0: Ball
2-0: Ball
3-0: Base on Balls
Batting: RHB Manny Torrez 0-0: Called Strike
0-1: Swinging Strike
0-2: Ball
1-2: Ball
2-2: Ball
3-2: Fly out, F7 (Flyball, 78M)
Top of the 6th over - 2 run(s), 1 hit(s), 2 error(s), 2 left on base; Chula Vista 6 - Seattle 0
BOTTOM OF THE 6TH
Seattle Rainiers batting - Pitching for Chula Vista Tacos : RHP Manuel González
Batting: RHB Jorge Colón 0-0: Ball
1-0: Called Strike
1-1: Ball
2-1: Called Strike
2-2: Ball
3-2: Strikes out looking
Batting: RHB Albert Cordero 0-0: Ball
1-0: Ball
2-0: Ball
3-0: Called Strike
3-1: Called Strike
3-2: Foul Ball, location: 2F
3-2: Strikes out swinging
Batting: RHB John Hill 0-0: Ball
1-0: Called Strike
1-1: Ball
2-1: Ball
3-1: Called Strike
3-2: SINGLE (Groundball, 13) (infield hit)
Batting: RHB Howard Russell 0-0: SINGLE (Line Drive, 34)
John Hill to second
Batting: RHB Tony Hernández 0-0: Ball
1-0: Ball
2-0: Ball
3-0: Called Strike
3-1: Fly out, F8 (Popup, 8LS)
Bottom of the 6th over - 0 run(s), 2 hit(s), 0 error(s), 2 left on base; Chula Vista 6 - Seattle 0
TOP OF THE 7TH
Chula Vista Tacos batting - Pitching for Seattle Rainiers : RHP Dani Vásquez
Batting: LHB Joe Baker 0-0: Foul Ball, location: 2F
0-1: Ball
1-1: Called Strike
1-2: Ball
2-2: Foul Ball, location: 2F
2-2: Ball
3-2: Ground out U3 (Groundball, 3)
Batting: LHB Jaime Icaza 0-0: Ball
1-0: Ball
2-0: Called Strike
2-1: Fly out, F7 (Flyball, 78M)
Batting: RHB Johnny Williams 0-0: Ball
1-0: Ball
2-0: Ball
3-0: Base on Balls
Batting: LHB Steven Smith 0-0: Called Strike
Johnny Williams is caught stealing 2nd base
Top of the 7th over - 0 run(s), 0 hit(s), 0 error(s), 0 left on base; Chula Vista 6 - Seattle 0
BOTTOM OF THE 7TH
Seattle Rainiers batting - Pitching for Chula Vista Tacos : RHP Manuel González
Batting: LHB Alan Moore 0-0: Called Strike
0-1: Foul Ball, location: 2F
0-2: Ball
1-2: Foul Ball, location: 2F
1-2: Strikes out swinging
Batting: RHB Enrique Mendoza 0-0: Ball
1-0: Foul Ball, location: 2F
1-1: Called Strike
1-2: Strikes out swinging
Batting: RHB Robert Marks 0-0: Ground out 4-3 (Groundball, 4)
Bottom of the 7th over - 0 run(s), 0 hit(s), 0 error(s), 0 left on base; Chula Vista 6 - Seattle 0
TOP OF THE 8TH
Chula Vista Tacos batting - Pitching for Seattle Rainiers : RHP Dani Vásquez
Pitching: RHP Dave Rose
Batting: LHB Steven Smith 0-0: Swinging Strike
0-1: Ball
1-1: Ball
2-1: Foul Ball, location: 2F
2-2: Strikes out looking
Batting: SHB Walt Rodgers 0-0: Ball
1-0: Swinging Strike
1-1: Ball
2-1: Foul Ball, location: 2F
2-2: Ball
3-2: Strikes out swinging
Batting: RHB Nate Atkinson 0-0: Ball
1-0: Foul Ball, location: 2F
1-1: Ground out 5-3 (Groundball, 5L)
Top of the 8th over - 0 run(s), 0 hit(s), 0 error(s), 0 left on base; Chula Vista 6 - Seattle 0
BOTTOM OF THE 8TH
Seattle Rainiers batting - Pitching for Chula Vista Tacos : RHP Manuel González
Pitching: RHP Rick Hernández
Now at 3B: Ron Garrett
Batting: LHB Tom Craft 0-0: Fly out, F8 (Flyball, 8LM)
Batting: RHB Jorge Colón 0-0: Called Strike
0-1: Ground out 4-3 (Groundball, 34)
Batting: RHB Albert Cordero 0-0: Ball
1-0: Called Strike
1-1: DOUBLE (Line Drive, 5D)
Batting: RHB John Hill 0-0: Called Strike
0-1: Ball
1-1: Ball
2-1: Called Strike
2-2: Strikes out swinging
Bottom of the 8th over - 0 run(s), 1 hit(s), 0 error(s), 1 left on base; Chula Vista 6 - Seattle 0
TOP OF THE 9TH
Chula Vista Tacos batting - Pitching for Seattle Rainiers : RHP Dave Rose
Batting: RHB Ray Rogers 0-0: Called Strike
0-1: Ball
1-1: Ball
2-1: Ball
3-1: Fly out, F6 (Popup, 15)
Batting: LHB Michael Myers 0-0: Hit by Pitch
Batting: RHB Manny Torrez 0-0: Ball
Michael Myers steals 2nd base
1-0: Ball
2-0: Foul Ball, location: 2F
2-1: Foul Ball, location: 2F
2-2: Strikes out looking
Batting: LHB Joe Baker 0-0: Called Strike
0-1: Ball
1-1: Ball
2-1: Called Strike
2-2: Foul Ball, location: 2F
2-2: Ball
3-2: SINGLE (Line Drive, 7LM)
Michael Myers to third
Michael Myers scores
Batting: LHB Jaime Icaza
Pinch Hitting: RHB Joel Carlson 0-0: Foul Ball, location: 2F
0-1: Foul Ball, location: 2F
0-2: DOUBLE (Line Drive, 5L)
Joe Baker to third
Joe Baker scores
Batting: RHB Johnny Williams 0-0: Called Strike
0-1: Called Strike
0-2: Ball
1-2: Foul Ball, location: 2F
1-2: Strikes out swinging
Top of the 9th over - 2 run(s), 2 hit(s), 0 error(s), 1 left on base; Chula Vista 8 - Seattle 0
BOTTOM OF THE 9TH
Seattle Rainiers batting - Pitching for Chula Vista Tacos : RHP Rick Hernández
Now in CF: Gonzalo Benítez
Batting: RHB Howard Russell 0-0: Ball
1-0: Ball
2-0: Ball
3-0: Called Strike
3-1: Swinging Strike
3-2: Base on Balls
Batting: RHB Tony Hernández 0-0: Called Strike
0-1: SINGLE (Line Drive, 56D)
Howard Russell to second
Batting: LHB Alan Moore 0-0: Foul Ball, location: 2F
0-1: Ball
1-1: Ball
2-1: Fly out, F8 (Flyball, 8LXD)
Runner from 2nd tags up, SAFE at 3rd, no throw
Batting: RHB Enrique Mendoza 0-0: Ground out 5-3 (Groundball, 5S)
Howard Russell scores
Tony Hernández to second
Batting: RHB Robert Marks 0-0: Ball
1-0: Called Strike
1-1: Foul Ball, location: 2F
1-2: Ball
2-2: Ground out 1-3 (Groundball, 15)
Bottom of the 9th over - 1 run(s), 1 hit(s), 0 error(s), 1 left on base; Chula Vista 8 - Seattle 1
Monday, December 5th, 2016 - OOTP Baseball 17.12 Build 75